 Dungeon Crawl Stone Soup version 0.28.0-47-ge53b351184 (webtiles) character file.

Game seed: 5547200207124578827

103239 Gabide the Necromancer (level 15, 0/120 HPs)
             Began as a Mummy Necromancer on May 8, 2022.
             Was a High Priest of Sif Muna.
             Shot with an arrow by a deep elf archer (16 damage)
             ... on level 1 of the Elven Halls on May 9, 2022.
             The game lasted 02:23:41 (41992 turns).

Gabide the Necromancer (Mummy Necromancer)         Turns: 41992, Time: 02:23:42

Health: 0/120      AC: 18    Str: 17    XL:     15   Next: 88%
Magic:  33/33      EV: 19    Int: 22    God:    Sif Muna [*****.]
Gold:   1548       SH:  0    Dex: 12    Spells: 7/43 levels left

rFire   x . .      SeeInvis .   R - +8 lajatang of the Volcano {speed, Str+5}
rCold   + . .      Faith    +   (shield currently unavailable)
rNeg    + + +      Spirit   .   w - +4 troll leather armour
rPois   ∞          Reflect  .   n - +2 helmet
rElec   .          Harm     .   h - +2 cloak {Will+}
rCorr   .          Rampage  .   (no gloves)
Will    ++...                   (no boots)
Stlth   +.........              o - amulet of faith
HPRegen 1.10/turn               e - +4 ring of protection
MPRegen 0.23/turn               k - +4 ring of evasion

@: death channelling
A: cold resistance 1, negative energy resistance 3, torment resistance 2, heat
vulnerability 1, in touch with death 1, no potions
a: Renounce Religion, Channel Magic, Forget Spell, Divine Exegesis


You were on level 1 of the Elven Halls.
You worshipped Sif Muna.
Sif Muna was extremely pleased with you.
You visited 4 branches of the dungeon, and saw 23 of its levels.

You collected 2426 gold pieces.
You spent 878 gold pieces at shops.

Inventory:

Hand Weapons
 i - a +2 quarterstaff of protection
 m - a +4 dagger
 p - the +10 war axe of Foul Odours {vorpal, rN+ Int+3}
   (You found it on level 13 of the Dungeon)

   It inflicts extra damage upon your enemies.
   Int:       It affects your intelligence (+3).
   rN:        It protects you from negative energy.
 u - a +3 dagger of electrocution
 I - the +5 hand axe of Might {drain, +Blink rPois Will+ Str+3 Stlth+}
   (You found it on level 1 of the Lair of Beasts)

   A truly terrible weapon, it drains the life of any living foe it strikes.
   Str:       It affects your strength (+3).
   rPois:     It protects you from poison.
   +Blink:    It lets you blink.
   Will:      It increases your willpower.
   Stlth:     It makes you more stealthy.
 Q - the +7 trident "Nissaihaj" {vorpal, rC+}
   (You found it on level 3 of the Lair of Beasts)

   It inflicts extra damage upon your enemies.
   rC:        It protects you from cold.
 R - the +8 lajatang of the Volcano (weapon) {speed, Str+5}
   (You found it on level 3 of the Lair of Beasts)

   Attacks with this weapon are significantly faster.
   Str:       It affects your strength (+5).
Missiles
 M - 3 throwing nets
Armour
 h - a +2 cloak of willpower (worn)
 j - a +0 cloak of preservation
 n - a +2 helmet (worn)
 w - a +4 troll leather armour (worn)
 S - a +2 robe of the Archmagi
Magical Staves
 U - a staff of earth
Jewellery
 e - a +4 ring of protection (left hand)
 g - an amulet of regeneration
 k - a +4 ring of evasion (right hand)
 l - a +6 ring of dexterity
 o - an amulet of faith (around neck)
 q - an amulet of magic regeneration
 s - a +6 ring of strength
 t - a ring of fire
 v - a ring of flight
 A - a ring of protection from cold
 C - the ring "Hooxt" {rPois rC+ rN+ Int+6}
   (You found it on level 13 of the Dungeon)

   [ring of intelligence]

   Int:       It affects your intelligence (+6).
   rC:        It protects you from cold.
   rPois:     It protects you from poison.
   rN:        It protects you from negative energy.
 D - the ring of Xyrum Fupnu {rPois rCorr}
   (You found it on level 12 of the Dungeon)

   [ring of resist corrosion]

   rPois:     It protects you from poison.
   rCorr:     It protects you from acid and corrosion.
 L - an amulet of guardian spirit
 P - a ring of wizardry
 V - a +4 ring of protection
Wands
 b - a wand of polymorph (9)
 x - a wand of paralysis (7)
 y - a wand of flame (17)
 T - a wand of charming (5)
Scrolls
 a - a scroll of silence
 c - 3 scrolls of magic mapping
 d - 4 scrolls of amnesia
 f - 3 scrolls of teleportation
 r - 4 scrolls of holy word
 B - a scroll of blinking
 E - 2 scrolls of enchant weapon
 H - a scroll of fear
 J - 3 scrolls of vulnerability
 K - a scroll of fog
 N - 5 scrolls of identify
 O - 3 scrolls of noise
Miscellaneous
 z - a phial of floods
 F - a piece from Xom's chessboard (15/15)
 G - a lightning rod (4/4)


   Skills:
 + Level 12.1 Fighting
 * Level 6.2 Staves
 - Level 2.5 Armour
 + Level 10.5 Dodging
 - Level 1.5 Stealth
 + Level 14.7 Spellcasting
 * Level 17.3 Necromancy
 + Level 7.1 Invocations


You had 7 spell levels left.
You knew the following spells:

 Your Spells              Type           Power      Damage    Failure   Level
a - Pain                  Necr           100%       1d9       0%          1
b - Vampiric Draining     Necr           95%        2d12      0%          3
c - Animate Dead          Necr           47%        N/A       1%          4
d - Agony                 Necr           95%        N/A       1%          5
e - Passwall              Tmut/Erth      13%        N/A       7%          2
f - Dispel Undead         Necr           95%        3d30      1%          4
g - Borgnjor's Vile Clut  Necr/Erth      34%        N/A       3%          5
h - Anguish               Hex/Necr       34%        N/A       1%          4
i - Death Channel         Necr           47%        N/A       1%          6
j - Blink                 Tloc           32%        N/A       7%          2

Your spell library contained the following spells:

 Spells                   Type           Power      Damage    Failure   Level
 Animate Skeleton         Necr           100%       N/A       0%          1
 Corpse Rot               Necr/Air       100%       N/A       1%          2
 Excruciating Wounds      Necr           47%        N/A       1%          5
 Foxfire                  Conj/Fire      64%        2x1d7     4%          1
 Magic Dart               Conj           64%        1d6       4%          1
 Sting                    Tmut/Pois      64%        1d6       4%          1
 Summon Small Mammal      Summ           64%        N/A       4%          1
 Call Imp                 Summ           16%        N/A       7%          2
 Ensorcelled Hibernation  Hex/Ice        32%        N/A       7%          2
 Poisonous Vapours        Pois/Air       32%        N/A       7%          2
 Searing Ray              Conj           32%        2d5       7%          2
 Static Discharge         Conj/Air       16%        N/A       7%          2
 Call Canine Familiar     Summ           16%        N/A       13%         3
 Confusing Touch          Hex            16%        N/A       13%         3
 Dazzling Flash           Conj/Hex       32%        N/A       13%         3
 Ignite Poison            Fire/Tmut/Pois 16%        N/A       13%         3
 Inner Flame              Hex/Fire       16%        N/A       13%         3
 Mephitic Cloud           Conj/Pois/Air  16%        N/A       13%         3
 Ozocubu's Armour         Ice            16%        N/A       13%         3
 Stone Arrow              Conj/Erth      32%        3d9       13%         3
 Summon Guardian Golem    Hex/Summ       16%        N/A       13%         3
 Swiftness                Air            16%        N/A       13%         3
 Simulacrum               Ice/Necr       34%        N/A       19%         6
 Airstrike                Air            8%         N/A       41%         4
 Animate Armour           Summ/Erth      32%        N/A       41%         4
 Flame Wave               Conj/Fire      16%        2d6       41%         4
 Fulminant Prism          Conj/Hex       8%         3d7       41%         4
 Leda's Liquefaction      Hex/Erth       8%         N/A       41%         4
 Sticky Flame             Conj/Fire      16%        2d4       41%         4
 Summon Lightning Spire   Summ/Air       16%        N/A       41%         4
 Freezing Cloud           Conj/Ice/Air   8%         6-21      77%         5
 Lee's Rapid Deconstruct  Erth           8%         3d8*      77%         5
 Lightning Bolt           Conj/Air       8%         1d20      77%         5
 Manifold Assault         Tloc           16%        N/A       77%         5
 Silence                  Hex/Air        8%         N/A       77%         5
 Summon Mana Viper        Hex/Summ       16%        N/A       77%         5
 Dispersal                Tloc           8%         N/A       100%        6
 Iron Shot                Conj/Erth      8%         9d3       100%        6
 Summon Cactus Giant      Summ           8%         N/A       100%        6
 Orb of Destruction       Conj           8%         9d6       100%        7
 Ozocubu's Refrigeration  Ice            8%         4d6       100%        7
 Infestation              Necr           47%        N/A       24%         8
 Disjunction              Tloc           8%         N/A       100%        8
 Lehudib's Crystal Spear  Conj/Erth      8%         10d3      100%        8
 Chain Lightning          Conj/Air       8%         3d10      100%        9
 Spider Form              Tmut/Pois      Unusable   N/A       N/A         3
 Storm Form               Tmut/Air       Unusable   N/A       N/A         7

Dungeon Overview and Level Annotations

Branches:
Dungeon (14/15)            Temple (0/1) D:7            Lair (6/6) D:11
 Shoals (0/4) Lair:4        Snake (0/4) Lair:2        Slime (0/5) Lair:5
    Orc (2/2) D:11            Elf (1/3) Orc:2
 Vaults: D:13-14

Altars:
Elyvilon
Fedhas
Makhleb
Qazlal
Sif Muna
Trog
Uskayaw
Zin
Beogh
Lugonu

Shops:
D:5 !   Orc:2 :(:[

Portals:
Abyss: Lair:6

Annotations:
D:14 Jorgrun


Innate Abilities, Weirdness & Mutations

You are immune to poison.
Your flesh is cold resistant. (rC+)
You are immune to negative energy. (rN+++)
You are immune to unholy pain and torment.
You are vulnerable to heat. (rF-)
You are in touch with the powers of death.
You do not drink.


Message History

The fire elemental is moderately damaged.
The fire elemental barely misses you.
You hit the fire elemental but do no damage.
The fire elemental is moderately damaged.
The fire elemental barely misses you.
You closely miss the fire elemental.
The fire elemental is moderately damaged.
The fire elemental completely misses you.
You barely miss the fire elemental.
The fire elemental is moderately damaged.
The fire elemental hits you. The fire elemental burns you!
The fire burns you terribly!
You barely miss the fire elemental.
The fire elemental is moderately damaged.
The fire elemental hits you. The fire elemental burns you!
The fire burns you terribly! The fire elemental misses you.
The fire elemental hits you. The fire elemental burns you!
The fire burns you terribly!
* * * LOW HITPOINT WARNING * * *
Things that are here:
a +0 leather armour; a +0 dagger
As you read the scroll of teleportation, it crumbles to dust.
You feel strangely unstable. The fire elemental hits you.
The fire elemental burns you! The fire burns you terribly!
* * * LOW HITPOINT WARNING * * *
The fire elemental hits you. The fire elemental burns you!
The fire burns you terribly!
* * * LOW HITPOINT WARNING * * *
Your surroundings suddenly seem different.
A deep elf knight, a deep elf pyromancer, a deep elf archer and a deep elf demonologist come into view.
The deep elf archer is wielding a +2 short sword of venom.
Found a rapier.
The deep elf knight shouts!
The deep elf pyromancer shouts!
The deep elf archer shouts!
The deep elf demonologist shouts!
You hear a shout! x2
The deep elf archer unwields a +2 short sword of venom.
It stops dripping with poison.
The deep elf archer wields a +0 longbow.
The deep elf archer shoots an arrow.
The arrow hits you!
You die...

#.#.#.....
.....#.##.
#.#.#.## #
.#.#...# .#
# . # ## #
)## ##.
#.#####..##
..
.......e##
#.
##.....e.##
#
#..@...e..#
.
+.........'
#
#....######
##.e.#
##..# .
##.# # .' .
##


You could see a deep elf demonologist, a deep elf archer (repels missiles), a
deep elf knight and a deep elf pyromancer.

Vanquished Creatures
  Rupert (Lair:3)
  Gastronok (D:12)
  A deep elf sorcerer (Elf:1)
  The ghost of Hiroaqie the Fighter, a journeyman TrMo (Lair:1)
  A deep elf death mage (Elf:1)
  The ghost of Diptarph the Slicer, a journeyman VSBe of Trog (D:13)
  A boulder beetle (D:12)
  9 hydras
  Erica (D:9)
  Harold (Lair:1)
  3 catoblepae
  2 death yaks (Lair:6)
  3 two-headed ogres
  Urug (D:12)
  8 orc high priests (Orc:2)
  8 dancing weapons (Elf:1)
  2 thrashing horrors (Lair:6)
  Sonja (D:12)
  Nergalle (D:10)
  4 deep elf knights (Elf:1)
  11 deep elf pyromancers
  7 deep elf archers (Elf:1)
  Pikel (D:6)
  12 deep elf zephyrmancers (Elf:1)
  3 ugly things (Lair:6)
  3 lindwurms (Lair:3)
  A wolf spider (Lair:3)
  3 cyclopes
  2 large abominations (Lair:6)
  Maurice (D:11)
  A manticore (D:14)
  A guardian serpent (shapeshifter) (D:13)
  A torpor snail (Lair:6)
  4 black mambas
  A gargoyle (D:12)
  An unseen horror (D:11)
  9 cane toads
  3 kobold demonologists
  2 rime drakes
  6 komodo dragons
  A yaktaur (shapeshifter) (D:13)
  2 ancient zymes (Lair:6)
  8 trolls
  A polar bear (D:13)
  9 slime creatures
  11 blink frogs (Lair:6)
  2 air elementals (Elf:1)
  3 ynoxinuls (Lair:6)
  A shadow (D:12)
  3 wyverns
  A water elemental (Elf:1)
  2 wraiths
  55 yaks
  3 basilisks
  3 neqoxecs (D:13)
  A vampire mosquito (D:13)
  4 chaos spawn (Lair:6)
  A fire elemental (Elf:1)
  5 wargs
  Menkaure (D:4)
  7 water moccasins
  14 orc warriors
  3 sky beasts (D:7)
  A black bear (Lair:2)
  3 necrophages
  8 small abominations (Lair:6)
  10 ogres
  8 centaurs
  7 wolves
  A phantom (D:7)
  6 kobold brigands
  6 bullfrogs
  Blork the orc (D:6)
  3 scorpions
  A gnoll sergeant (D:8)
  A wyvern zombie (D:7)
  2 earth elementals (Elf:1)
  A wyvern skeleton (D:6)
  17 killer bees
  9 wights
  3 howler monkeys
  5 centaur zombies
  2 bullfrog zombies
  3 quasits (D:13)
  3 iron imps (D:7)
  6 hounds
  3 centaur skeletons
  A gnoll shaman (D:6)
  35 orc priests
  Crazy Yiuf (D:2)
  Jessica (D:3)
  Terence (D:3)
  21 orc wizards
  An iguana (D:6)
  4 hell rats (Lair:3)
  Ijyb (D:3)
  Robin (D:3)
  13 gnolls
  2 howler monkey skeletons (D:5)
  20 adders
  A river rat (D:6)
  2 white imps
  4 worms
  2 dart slugs
  93 orcs
  7 endoplasms
  A giant cockroach (D:4)
  17 goblins
  13 hobgoblins
  4 jackals (D:1)
  11 kobolds
  4 quokkas
  3 ball pythons
  4 bats
  6 frilled lizards
  9 rats
658 creatures vanquished.

Vanquished Creatures (collateral kills)
  Kirke (Lair:5)
  A hydra (Lair:6)
  4 death yaks (Lair:6)
  An orc high priest (Orc:2)
  A lindwurm (Lair:3)
  An orc knight (Orc:1)
  A cyclops (D:13)
  2 black mambas (Lair:6)
  A cane toad (Lair:6)
  A rime drake (Lair:4)
  3 komodo dragons (Lair:6)
  4 polar bears
  2 dream sheep (Lair:5)
  4 blink frogs
  A hog (Lair:5)
  15 yaks
  A wyvern (Lair:4)
  A water moccasin (Lair:6)
  A centaur (Lair:4)
  2 small abominations (Lair:6)
  2 bullfrogs
  A centaur zombie (D:7)
  3 orc priests (Orc:2)
  3 hell rats (Lair:3)
  An orc wizard (D:4)
  5 adders (Lair:3)
  A gnoll (D:6)
  11 orcs
75 creatures vanquished.

Vanquished Creatures (others)
  2 hydras (Lair:5)
  A deep elf knight (Elf:1)
  A deep elf archer (Elf:1)
  A deep elf zephyrmancer (Elf:1)
  3 dream sheep (Lair:5)
  4 humans (Lair:5)
  A yak (Lair:1)
  An orc warrior (Orc:2)
  A quokka (D:12)
  65 fungi
  116 plants
196 creatures vanquished.

Grand Total: 929 creatures vanquished

Notes
Turn   | Place    | Note
-------+----------+-------------------------------------------
     0 | D:1      | Gabide the Mummy Necromancer began the quest for the Orb.
     0 | D:1      | Reached XP level 1. HP: 13/13 MP: 4/4
   525 | D:1      | Reached XP level 2. HP: 20/20 MP: 2/5
   805 | D:1      | Reached skill level 1 in Fighting
   805 | D:1      | Reached XP level 3. HP: 26/26 MP: 0/7
  1580 | D:2      | Found a faded altar of an unknown god.
  2003 | D:2      | Found a runed translucent door.
  2004 | D:2      | Noticed Crazy Yiuf
  2016 | D:2      | Killed Crazy Yiuf
  2017 | D:2      | Reached XP level 4. HP: 18/32 MP: 0/9
  2509 | D:3      | Noticed Robin
  2838 | D:3      | Noticed Ijyb
  2883 | D:3      | Killed Robin
  2884 | D:3      | Reached skill level 5 in Necromancy
  3089 | D:3      | Noticed Terence
  3093 | D:3      | Killed Ijyb
  3094 | D:3      | Reached XP level 5. HP: 38/38 MP: 8/10
  3106 | D:3      | Killed Terence
  3111 | D:3      | Learned a level 3 spell: Vampiric Draining
  3116 | D:3      | Learned a level 4 spell: Animate Dead
  3396 | D:3      | Noticed Jessica
  3399 | D:3      | Killed Jessica
  3536 | D:3      | Reached XP level 6. HP: 42/46 MP: 1/12
  4190 | D:4      | Reached skill level 6 in Necromancy
  4319 | D:4      | Reached XP level 7. HP: 24/52 MP: 3/14
  4634 | D:4      | Reached skill level 5 in Spellcasting
  4928 | D:4      | Noticed Menkaure
  4958 | D:4      | Killed Menkaure
  5571 | D:4      | Learned a level 5 spell: Agony
  5572 | D:5      | Entered Level 5 of the Dungeon
  5651 | D:5      | Found Inamorip's Distillery.
  5652 | D:5      | Found a shimmering blue altar of Sif Muna.
  5657 | D:5      | Reached skill level 7 in Necromancy
  5688 | D:5      | Became a worshipper of Sif Muna the Loreminder
  5785 | D:5      | Noticed a wyvern
  5787 | D:5      | Reached XP level 8. HP: 60/60 MP: 11/16
  6245 | D:5      | Found a hide-covered altar of Uskayaw.
  6433 | D:6      | Noticed Blork the orc
  6440 | D:6      | Killed Blork the orc
  6677 | D:6      | Noticed Pikel
  6683 | D:6      | Killed Pikel
  6684 | D:6      | Reached skill level 8 in Necromancy
  6769 | D:6      | Reached skill level 5 in Fighting
  6946 | D:6      | Reached XP level 9. HP: 62/68 MP: 10/19
  7706 | D:7      | Found a staircase to the Ecumenical Temple.
  7750 | D:7      | Reached skill level 9 in Necromancy
  7829 | D:7      | Reached skill level 5 in Dodging
  7835 | D:7      | Reached * piety under Sif Muna
  8103 | D:7      | Found a stormy altar of Qazlal.
  8104 | D:7      | Found a blossoming altar of Fedhas.
  8878 | D:7      | Reached skill level 10 in Necromancy
  9064 | D:7      | Reached ** piety under Sif Muna
  9065 | D:7      | Reached XP level 10. HP: 76/76 MP: 12/22
  9316 | D:7      | Found a burning altar of Makhleb.
 10596 | D:8      | Identified the +3 ring mail of the Ego {-Cast Rampage Fly
                  | rF++}
 10602 | D:8      | Learned a level 2 spell: Passwall
 10946 | D:9      | Noticed a two-headed ogre
 10953 | D:9      | Killed a two-headed ogre
 11452 | D:8      | Reached skill level 11 in Necromancy
 11963 | D:8      | Reached *** piety under Sif Muna
 12565 | D:9      | Noticed Erica
 12690 | D:9      | Killed Erica
 12691 | D:9      | Reached XP level 11. HP: 71/84 MP: 1/24
 12693 | D:9      | Noticed a two-headed ogre
 13513 | D:10     | Entered Level 10 of the Dungeon
 14388 | D:10     | Reached skill level 12 in Necromancy
 14641 | D:10     | Noticed Nergalle
 14648 | D:10     | Killed Nergalle
 14649 | D:10     | Reached skill level 10 in Spellcasting
 15159 | D:10     | Noticed a two-headed ogre
 15165 | D:10     | Killed a two-headed ogre
 15165 | D:10     | Reached **** piety under Sif Muna
 15787 | D:11     | Noticed Maurice
 15798 | D:11     | Killed Maurice
 16132 | D:11     | Found a staircase to the Orcish Mines.
 16466 | D:11     | Found a staircase to the Lair.
 16501 | D:11     | Noticed a six-headed hydra
 17063 | D:11     | Killed a six-headed hydra
 17092 | D:9      | Noticed a soul eater
 17094 | D:9      | HP: 2/87 [barbs]
 17447 | D:9      | Noticed a sixfirhy
 17527 | D:9      | Reached skill level 13 in Necromancy
 18548 | D:12     | Reached XP level 12. HP: 94/94 MP: 26/26
 18772 | D:12     | Reached ***** piety under Sif Muna
 18773 | D:12     | Noticed Sonja
 18810 | D:12     | Noticed Urug
 18827 | D:12     | Killed Urug
 18828 | D:12     | Reached skill level 1 in Armour
 19236 | D:12     | Identified the ring of Xyrum Fupnu {rPois rCorr}
 19373 | D:12     | Noticed Gastronok
 19392 | D:12     | Killed Sonja
 19418 | D:12     | Killed Gastronok
 19428 | D:12     | Noticed a boulder beetle
 19480 | D:12     | Killed a boulder beetle
 20512 | D:12     | Received a gift from Sif Muna
 20518 | D:12     | Got Geos's Collected Works on Lethal Bewitchment {god gift}
 20524 | D:12     | Learned a level 4 spell: Dispel Undead
 20530 | D:12     | Learned a level 5 spell: Borgnjor's Vile Clutch
 20535 | D:12     | Learned a level 4 spell: Anguish
 21078 | D:13     | Identified the +10 war axe of Foul Odours {vorpal, rN+
                  | Int+3}
 21194 | D:13     | Found a transporter.
 21200 | D:13     | Found a transporter.
 21208 | D:13     | Reached skill level 1 in Invocations
 21305 | D:13     | Found a bloodstained altar of Trog.
 21681 | D:13     | Reached skill level 14 in Necromancy
 22454 | D:13     | Noticed Diptarph's ghost (journeyman VSBe)
 22572 | D:14     | Noticed a boulder beetle
 23119 | D:13     | Identified the ring "Hooxt" {rPois rC+ rN+ Int+6}
 23152 | D:13     | Killed Diptarph's ghost
 23321 | D:14     | Noticed Jorgrun
 23439 | Orc:1    | Entered Level 1 of the Orcish Mines
 23508 | Orc:1    | Gained mutation: You are in touch with the powers of death.
                  | [Mummy growth]
 23508 | Orc:1    | Reached XP level 13. HP: 103/103 MP: 3/29
 24145 | Orc:2    | Entered Level 2 of the Orcish Mines
 24638 | Orc:2    | Found a burning altar of Makhleb.
 24645 | Orc:2    | Reached skill level 10 in Fighting
 24987 | Orc:2    | Received a gift from Sif Muna
 24988 | Orc:2    | Got Sif Muna's Grimoire of Ghastly Creation {god gift}
 25435 | Orc:2    | Found Qoj Oxod's Antique Weapon Emporium.
 25435 | Orc:2    | Found Vierchacs's Book Boutique.
 26081 | Orc:2    | Reached skill level 15 in Necromancy
 26214 | Orc:2    | Found a staircase to the Elven Halls.
 26363 | Orc:2    | Found Kalefox's Armour Emporium.
 26363 | Orc:2    | Found Zumis's Book Boutique.
 26398 | Orc:2    | Bought a book of Unlife for 504 gold pieces
 26405 | Orc:2    | Learned a level 6 spell: Death Channel
 26445 | Orc:2    | Bought an Inescapable Atlas for 374 gold pieces
 26448 | Orc:2    | Learned a level 2 spell: Blink
 26691 | Orc:1    | Found a shimmering blue altar of Sif Muna.
 26891 | Lair:1   | Entered Level 1 of the Lair of Beasts
 27259 | Lair:1   | Identified the +1 leather armour of a Million Olives {Str-2
                  | Int+4 Slay+2}
 27267 | Lair:1   | Found a large runed translucent door.
 27268 | Lair:1   | Found a large runed translucent door.
 27271 | Lair:1   | Noticed Hiroaqie's ghost (journeyman TrMo)
 27320 | Lair:1   | Killed Hiroaqie's ghost
 27325 | Lair:1   | Identified the +5 hand axe of Might {drain, +Blink rPois
                  | Will+ Str+3 Stlth+}
 27924 | Lair:1   | Noticed Harold
 27933 | Lair:1   | Killed Harold
 28204 | Lair:1   | Received a gift from Sif Muna
 29866 | Lair:2   | Found a staircase to the Snake Pit.
 30512 | Lair:3   | Noticed Rupert
 30528 | Lair:3   | Killed Rupert
 30529 | Lair:3   | Reached XP level 14. HP: 111/111 MP: 5/31
 30846 | Lair:3   | Received a gift from Sif Muna
 30847 | Lair:3   | Got Sif Muna's Volume of Unholy Flight {god gift}
 31500 | Lair:3   | Reached skill level 5 in Invocations
 31576 | Lair:3   | Identified the +7 trident "Nissaihaj" {vorpal, rC+}
 31833 | Lair:3   | Got Saqybohi's Guide on Transmutation
 31839 | Lair:3   | Identified the +8 lajatang of the Volcano {speed, Str+5}
 32180 | Lair:4   | Found a staircase to the Shoals.
 32412 | Lair:4   | Reached skill level 1 in Staves
 33417 | Lair:4   | Reached skill level 16 in Necromancy
 33784 | Lair:5   | Noticed Kirke
 33791 | Lair:5   | Killed Kirke
 34383 | Lair:5   | Received a gift from Sif Muna
 34384 | Lair:5   | Got Ximisyrr's Volume of Ashen Battle Magic {god gift}
 34953 | Lair:5   | Found a staircase to the Slime Pits.
 35566 | Lair:6   | Entered Level 6 of the Lair of Beasts
 36658 | Lair:6   | Reached XP level 15. HP: 109/119 MP: 3/33
 36666 | Lair:6   | Reached skill level 10 in Dodging
 37740 | Lair:6   | Received a gift from Sif Muna
 37741 | Lair:6   | Got Sif Muna's Tome of Beguiling {god gift}
 37873 | Lair:6   | Found a corrupted altar of Lugonu.
 37873 | Lair:6   | Found a one-way gate to the infinite horrors of the Abyss.
 37878 | Lair:6   | Identified the +2 chain mail of the Trees {SInv}
 39426 | Elf:1    | Entered Level 1 of the Elven Halls
 39662 | Elf:1    | Paralysed by an air elemental for 1 turns
 39670 | Elf:1    | Paralysed by an air elemental for 1 turns
 39680 | Elf:1    | Reached skill level 5 in Staves
 40100 | Elf:1    | Noticed a deep elf sorcerer
 40113 | Elf:1    | Killed a deep elf sorcerer
 40114 | Elf:1    | Reached skill level 17 in Necromancy
 40117 | Elf:1    | Paralysed by an air elemental for 1 turns
 41785 | Elf:1    | Identified the +5 spear of Ragnarok {elec, Fly rElec rC+}
 41791 | Elf:1    | Received a gift from Sif Muna
 41795 | Elf:1    | Got Jyciycof's Grimoire of Weightlessness and Combat Magic
                  | {god gift}
 41992 | Elf:1    | Shot with an arrow by a deep elf archer

Illustrated notes

Levels and vault maps discovered:
D:1:      dpeg_arrival_rooms_a, layout_rooms, amcnicky_mini_pool_small
D:2:      layout_basic, dreamdust_ecumenical_altar_statues,
          hangedman_abyss_or_decor_stabs, minmay_fractal_squares_gapless_5,
          uniq_crazy_yiuf_cottage
D:3:      layout_rooms, palyth_stone_intersect, minmay_divided_ellipse,
          uniq_terence, uniq_ijyb, uniq_jessica, uniq_robin
D:4:      layout_cave_pods, minmay_door_square, fountainhead, uniq_menkaure
D:5:      layout_rooms, nicolae_overflow_crystal_walls,
          mainiacjoe_overflow_brackets, serial_shops, shop,
          kennysheep_generic_room_9
D:6:      layout_loops_corners, lightli_sewer_entry_pipes, minmay_fountain_box,
          kennysheep_small_square, uniq_blork_the_orc, uniq_pikel
D:7:      minmay_clustersquares, layout_rooms, demons_altar,
          grunt_temple_overflow_forces_of_nature, minmay_temple_entry_crystal_x
D:8:      layout_cave_pools, chequers_serial_rivers_large_b,
          minmay_misc_feat_more_columns
D:9:      layout_gridville, kennysheep_mini_moat, uniq_erica
D:10:     layout_basic, uniq_nergalle
D:11:     layout_irregular_city, lair_entry_dummy, hiddenorc2_lemuel,
          serial_column_ruins, column_ruins_hut_ruined, column_ruins_grid_3,
          column_ruins_grid_1, column_ruins_corridor_corner,
          column_ruins_columns_plus, column_ruins_grid_1,
          column_ruins_open_tiny, minmay_misc_feat_iff, uniq_maurice
D:12:     layout_layer_cave, elyvilon_altar_4, uniq_urug, uniq_sonja,
          uniq_gastronok
D:13:     kennysheep_blocky_hall, layout_cross, gammafunk_ghost_stat_death,
          drop_trap, nrook_mini_backslash, minmay_misc_feat_cross,
          trog_ov_bears_minmay
D:14:     layout_cave_pools, david_vaults_2, nemelex_lonely_heart_becter,
          uniq_jorgrun
Lair:1:   layout_cave_pods, ebering_ghost_disaster_area, hibernation_bobbens,
          infiniplex_staircase_pool, uniq_harold
Lair:2:   layout_regular_city, dummy_snake_entry, grunt_megastairs_2,
          infiniplex_staircase_pool_2
Lair:3:   minmay_lair_venomous_thicket, layout_cave_pods, minmay_lindwurm_lava,
          uniq_rupert
Lair:4:   layout_long_grid, minmay_shoals_entry_centaurs
Lair:5:   layout_gridlike, slime_dummy, serial_rivers,
          chequers_serial_rivers_marsh, chequers_serial_rivers_room_b,
          chequers_serial_rivers_small_b, chequers_serial_rivers_large_a,
          uniq_kirke
Lair:6:   hellmonk_lair_end_abyssal_woods, layout_loops_ring,
          nicolae_volcano_entry_s_turn, serial_bayou_shore_a
Orc:1:    layout_diamond_mine, kennysheep_orc_sif_temple
Orc:2:    st_orc_town, layout_diamond_mine, basic_altar,
          nicolae_orc_sculptors_studio, hellmonk_bongcloud_opening
Elf:1:    minmay_the_grid_3x3 [minmay_the_grid_spin_star,
          minmay_the_grid_large_cup, minmay_the_grid_garden,
          minmay_the_grid_diamond_grid, minmay_the_grid_minigrid_small_alt,
          minmay_the_grid_tiny_cups, minmay_the_grid_odd_star,
          minmay_the_grid_outer_circle, minmay_the_grid_prize_four_corners],
          layout_loops_corners, serial_shops, nicolae_shop_statue_plus,
          minmay_elf_necromancy, nicolae_elf_double_double_double_trouble,
          uniq_nikola

Skill      XL: |  1  2  3  4  5  6  7  8  9 10 11 12 13 14 15 |
---------------+----------------------------------------------+-----
Spellcasting   | 3 4 5 6 8 9 10 12 13 14 | 14.7
Fighting       | 1 2 3 5 6 7 8 9 10 11 12 | 12.1
Dodging        | 2 3 4 5 6 7 8 9 10 | 10.5
Necromancy     | 5 6 7 8 10 11 13 14 15 16 17 | 17.3
Armour         | 2 |  2.5
Invocations    | 2 4 6 7 |  7.1
Staves         | 4 6 |  6.2
Stealth        | |  1.5

Action                   |  1- 3 |  4- 6 |  7- 9 | 10-12 | 13-15 || total
-------------------------+-------+-------+-------+-------+-------++-------
Melee: Unarmed           |    40 |     3 |       |       |       ||    43
       Punch             |     1 |       |     7 |     8 |     3 ||    19
       Dagger            |       |     8 |   205 |   359 |       ||   572
       War axe           |       |       |       |    31 |   129 ||   160
       Lajatang          |       |       |       |       |    84 ||    84
       Staff             |       |       |       |       |    87 ||    87
 Cast: Pain              |    66 |   120 |   150 |    38 |     1 ||   375
       Vampiric Draining |       |     4 |    44 |   247 |    15 ||   310
       Animate Dead      |       |     1 |     9 |    14 |    51 ||    75
       Agony             |       |       |       |    74 |     5 ||    79
       Borgnjor's Vile C |       |       |       |    28 |   333 ||   361
       Anguish           |       |       |       |     4 |    25 ||    29
       Dispel Undead     |       |       |       |     4 |     3 ||     7
       Death Channel     |       |       |       |       |    55 ||    55
       Blink             |       |       |       |       |     8 ||     8
Invok: Channel Magic     |       |       |       |       |     2 ||     2
Evoke: Wand              |       |     4 |     8 |     7 |       ||    19
       Phial of floods   |       |       |       |     1 |     2 ||     3
       Lightning rod     |       |       |       |       |     4 ||     4
  Use: Scroll            |       |     2 |     9 |    18 |    11 ||    40
 Stab: Invisible         |     1 |       |       |       |       ||     1
       Distracted        |       |       |     2 |       |     1 ||     3
       Paralysed         |       |       |       |     4 |       ||     4
Armor: Robe              |    10 |    20 |    68 |   122 |       ||   220
       Troll leather arm |       |       |       |    50 |   178 ||   228
Dodge: Dodged            |    45 |    45 |   212 |   894 |   484 ||  1680
